 Dungeon Crawl Stone Soup version 0.29.1-15-g9cfb28693d (webtiles) character file.

Game seed: 13053873062606067398

5217 croobank the Grappler (level 10, -8/98 HPs)
             Began as a Troll Fighter on Apr 23, 2023.
             Was an Elder of Wu Jian.
             Mangled by Erica
             ... wielding a +2 scimitar of flaming
              (11 damage)
             ... on level 9 of the Dungeon.
             The game lasted 00:29:39 (7487 turns).

croobank the Grappler (Troll Fighter)               Turns: 7487, Time: 00:29:40

Health: -8/98      AC:  0    Str: 24 (26) XL:     10   Next: 35%
Magic:  12/12      EV: 20    Int:  7 (8)  God:    Wu Jian [****..]
Gold:   360        SH:  0    Dex: 12 (14) Spells: 13/14 levels left

rFire   . . .      SeeInvis .     - Unarmed
rCold   . . .      Faith    .   (shield currently unavailable)
rNeg    . . .      Spirit   .   (body armour currently unavailable)
rPois   .          Reflect  .   (helmet currently unavailable)
rElec   .          Harm     .   (cloak currently unavailable)
rCorr   .          Rampage  .   (gloves unavailable)
Will    .....                   (boots unavailable)
Stlth   +.........              y - amulet of the acrobat
HPRegen 1.06/turn               (ring currently unavailable)
MPRegen 0.13/turn               (ring currently unavailable)

@: exhausted, bat-form, flying, very quick
A: fast, flying, no casting, tiny, unfitting armour, (claws 3), regeneration 1,
(shaggy fur 1), (tough skin 1)
a: Renounce Religion, Wall Jump, Serpent's Lash


You were on level 9 of the Dungeon.
You worshipped Wu Jian.
Wu Jian was greatly pleased with you.
You were a bat.
You visited 2 branches of the dungeon, and saw 10 of its levels.

You collected 360 gold pieces.

Inventory:

Hand Weapons
 a - a +3 flail
 e - a +4 dagger of electrocution
 h - a +0 long sword of holy wrath
 k - a +4 hand axe
 p - a +2 short sword of speed
 r - the +6 hand axe of Fiasul {drain, Drain rF+ Will+ Str+3}
   (You found it on level 4 of the Dungeon)

   A truly terrible weapon, it drains the life of any living foe it strikes.
   Str:       It affects your strength (+3).
   rF:        It protects you from fire.
   Drain:     It drains your maximum health when unequipped.
   Will:      It increases your willpower.
 u - a +1 spear of flaming
 D - a +0 eveningstar
 E - a +2 falchion
 F - a +4 hand axe of freezing
 L - a +1 scimitar of protection
Missiles
 g - 4 boomerangs
 l - 17 poisoned darts (quivered)
Armour
 b - a +2 kite shield (melded)
 v - a +0 hat
 G - a +2 robe of positive energy (melded)
Jewellery
 d - a ring of willpower
 t - a +6 ring of intelligence (melded)
 y - an amulet of the acrobat (around neck)
 H - a ring of resist corrosion (melded)
Wands
 s - a wand of polymorph (4)
 z - a wand of acid (1)
Scrolls
 c - a scroll of poison
 A - a scroll of teleportation
 B - 4 scrolls of amnesia {unknown}
 I - 3 scrolls of blinking {unknown}
Potions
 i - a potion of attraction
 j - 3 potions of lignification
 m - a potion of mutation
 n - 3 potions of degeneration
 o - a potion of resistance {unknown}
 q - a potion of ambrosia {unknown}
 w - a potion of flight {unknown}
 C - 2 potions of cancellation {unknown}
 K - a potion of invisibility
Miscellaneous
 x - a condenser vane (inert)


   Skills:
 + Level 6.2 Fighting
 + Level 3.6 Dodging
 + Level 6.9 Shields
 * Level 9.9 Unarmed Combat
 * Level 2.6 Spellcasting
 - Level 3.1 Fire Magic


You had 13 spell levels left.
You knew the following spells:

 Your Spells              Type           Power      Damage    Failure   Level
a - Foxfire               Conj/Fire      12%        2x1d4     19%         1

Your spell library contained the following spells:

 Spells                   Type           Power      Damage    Failure   Level
 Conjure Flame            Conj/Fire      3%         6-21      50%         3
 Inner Flame              Hex/Fire       3%         N/A       50%         3
 Ignite Poison            Fire/Tmut/Pois 2%         N/A       56%         3
 Gell's Gravitas          Tloc           0%         N/A       73%         3
 Mephitic Cloud           Conj/Pois/Air  0%         N/A       73%         3
 Teleport Other           Tloc           0%         N/A       73%         3
 Flame Wave               Conj/Fire      3%         2d5       88%         4
 Summon Ice Beast         Ice/Summ       0%         N/A       98%         4
 Freezing Cloud           Conj/Ice/Air   0%         6-21      100%        5
 Summon Mana Viper        Hex/Summ       0%         N/A       100%        5
 Dispersal                Tloc           0%         N/A       100%        6
 Monstrous Menagerie      Summ           0%         N/A       100%        7


Dungeon Overview and Level Annotations

Branches:
Dungeon (9/15)             Temple (1/1) D:4
   Lair: D:8-11         Orc: D:9-12

Altars:
Ashenzari
Cheibriados
Dithmenos
Elyvilon
Fedhas
Gozag
Hepliaklqana
Kikubaaqudgha
Makhleb
Nemelex Xobeh
Okawaru
Qazlal
Ru
Sif Muna
Trog
Uskayaw
Vehumet
Wu Jian
Xom
Yredelemnul
Zin

Annotations:
D:8 3 runed translucent doors
D:9 Erica


Innate Abilities, Weirdness & Mutations

You are a bat.
You are tiny and dextrous.
You move quickly.
You are flying.
Your equipment is almost entirely melded.
You are incapable of wielding weapons or throwing items.
You cannot cast spells.
You are too large for most types of armour.
((You have claws for hands.))
Your natural rate of healing is unusually fast.
((You are covered in fur. (AC +1)))
((You have tough skin. (AC +1)))


Message History

The gnoll sergeant seems to be corroded for longer.
You kill the gnoll sergeant!
The Council accepts your kill.
You hear a shout!
Something hits you! Something burns you.
Aiming: Corrosive Bolt
Press: ? - help, Shift-Dir - straight line You hear some strange, mumbled words.
Something tries to affect you, but you resist.
It was a potion of degeneration.
There was something very wrong with that liquid.
You feel weakened.
You feel dopey.
You feel clumsy.
You hear some strange, mumbled words.
A bolt of poison appears from out of thin air!
The bolt of poison hits you!!
You are poisoned.
* * * LOW HITPOINT WARNING * * *
You miss something.
* * * LOW HITPOINT WARNING * * *
You feel very sick.
You hear a zap.
You turn into a bat.
Your +2 kite shield melds into your body.
Your +2 robe of positive energy melds into your body.
Your +6 ring of intelligence melds into your body.
Your ring of resist corrosion melds into your body.
You feel less protected from negative energy.
You feel stupid.
You feel better.
A gnoll comes into view. It is wielding a +0 whip.
Something hits you.
* * * LOW HITPOINT WARNING * * *
Something burns you.
* * * LOW HITPOINT WARNING * * *
Okay, then.
Okay, then.
Aiming: Corrosive Bolt
Press: ? - help, Shift-Dir - straight line Something hits you!
You die...

##<###z......
... #..z#.......
... ###.zz).....
.. ###.......
#'## ###+####
..# .## #.#
.'.g.#####.###
#.))){b.[.#
#######.#......#
#.######..# #.##
#..# ##.# #.#
### #.# #.y #.#
###'###


You could see a gnoll.

Vanquished Creatures
  Pikel (D:8)
  A queen bee (D:9)
  Edmund (D:4)
  A water moccasin (D:7)
  3 sky beasts
  4 black bears
  An ogre (D:5)
  2 centaurs
  2 lemures (D:8)
  A phantom (D:7)
  2 kobold brigands
  A gnoll sergeant (D:9)
  3 scorpions (D:4)
  2 necrophages
  15 wights
  17 killer bees
  12 howler monkeys
  5 orc priests
  4 hounds
  An iron imp (D:8)
  Natasha (thrice) (D:3)
  An iguana (D:6)
  6 orc wizards
  6 gnolls
  9 adders
  A shadow imp (D:7)
  2 white imps
  A worm (D:3)
  2 dart slugs
  41 orcs
  5 endoplasms
  2 giant cockroaches (D:2)
  10 goblins
  4 hobgoblins
  18 kobolds
  5 quokkas
  6 ball pythons
  7 bats
  A frilled lizard (D:1)
  25 rats
234 creatures vanquished.

Vanquished Creatures (others)
  7 foxfires
7 creatures vanquished.

Grand Total: 241 creatures vanquished

Notes
Turn   | Place    | Note
-------+----------+-------------------------------------------
     0 | D:1      | croobank the Troll Fighter began the quest for the Orb.
     0 | D:1      | Reached XP level 1. HP: 22/22 MP: 0/0
   129 | D:1      | Reached XP level 2. HP: 29/29 MP: 1/1
   182 | D:1      | Found a faded altar of an unknown god.
   342 | D:1      | Reached XP level 3. HP: 25/36 MP: 2/2
   556 | D:2      | You fall into a shaft and drop 2 floors!
   572 | D:5      | Entered Level 5 of the Dungeon
   865 | D:4      | Reached skill level 3 in Unarmed Combat
  1016 | D:4      | Found a staircase to the Ecumenical Temple.
  1016 | D:4      | Noticed a black bear
  1024 | D:4      | Noticed a scorpion
  1025 | D:4      | Killed a black bear
  1026 | D:4      | Reached XP level 4. HP: 39/45 MP: 3/3
  1026 | D:4      | Reached XP level 5. HP: 46/53 MP: 4/4
  1033 | D:4      | Reached skill level 4 in Unarmed Combat
  1063 | Temple   | Entered the Ecumenical Temple
  1140 | Temple   | Became a worshipper of the Wu Jian Council
  1274 | D:4      | Reached XP level 6. HP: 44/61 MP: 5/5
  1418 | D:4      | Noticed Edmund
  1813 | D:2      | Reached * piety under Wu Jian
  1942 | D:2      | Reached skill level 5 in Unarmed Combat
  2515 | D:3      | Noticed Natasha
  2524 | D:3      | Killed Natasha
  2537 | D:3      | Reached ** piety under Wu Jian
  2725 | D:3      | Noticed Natasha
  2728 | D:3      | Killed Natasha
  2954 | D:3      | Noticed Natasha
  2960 | D:3      | Killed Natasha
  3051 | D:4      | Reached XP level 7. HP: 54/68 MP: 6/6
  3212 | D:4      | Identified the +6 hand axe of Fiasul {drain, Drain rF+
                  | Will+ Str+3}
  3420 | D:4      | Killed Edmund
  3421 | D:4      | Reached skill level 6 in Unarmed Combat
  4111 | D:5      | Reached skill level 5 in Shields
  4162 | D:5      | Reached XP level 8. HP: 75/79 MP: 7/7
  4562 | D:6      | Reached skill level 7 in Unarmed Combat
  4634 | D:6      | Reached *** piety under Wu Jian
  4740 | D:6      | Found a glowing silver altar of Zin.
  4829 | D:6      | Reached skill level 5 in Fighting
  4945 | D:6      | Found a hazy altar of Hepliaklqana.
  5146 | D:7      | Reached skill level 8 in Unarmed Combat
  5334 | D:7      | Reached XP level 9. HP: 87/88 MP: 8/8
  5411 | D:7      | Learned a level 1 spell: Foxfire
  5730 | D:7      | Reached skill level 9 in Unarmed Combat
  5730 | D:7      | Reached skill level 1 in Fire Magic
  5842 | D:7      | Reached skill level 1 in Spellcasting
  6007 | D:8      | Found a runed translucent gate.
  6018 | D:8      | Reached **** piety under Wu Jian
  6052 | D:8      | Noticed a white ugly thing
  6242 | D:8      | Found a runed translucent gate.
  6242 | D:8      | Found a runed translucent gate.
  6242 | D:8      | Noticed a glowing orange brain
  6275 | D:8      | Found a snail-covered altar of Cheibriados.
  6546 | D:8      | Noticed a white ugly thing
  6547 | D:8      | Noticed a white ugly thing
  6547 | D:8      | Noticed a green ugly thing
  6572 | D:8      | Noticed Pikel
  6589 | D:8      | Killed Pikel
  6724 | D:9      | Reached XP level 10. HP: 68/95 MP: 12/12
  7464 | D:9      | Noticed Erica
  7484 | D:9      | HP: 4/98 [something/bolt of poison (34)]
  7485 | D:9      | HP: 1/98 [poisoned by Erica (bolt of poison)]
  7487 | D:9      | Mangled by Erica

Illustrated notes

Levels and vault maps discovered:
D:1:      lemuel_arrival_lava_pool, layout_rooms,
          hellmonk_ecumenical_altar_arch_garden, chequers_serial_rivers_small_3
D:2:      layout_loops_ring, minmay_rat_hole
D:3:      layout_loops_ring, uniq_natasha
D:4:      layout_cave_pods, minmay_temple_entry_large_hall, uniq_edmund
D:5:      layout_basic
D:6:      layout_cave_pools, mainiacjoe_overflow_alcove_4,
          mainiacjoe_overflow_boulevard, kennysheep_decorative_pillar
D:7:      layout_cave_pools
D:8:      layout_rooms, slow_altar_2,
          ploomutoo_gammafunk_ghost_potion_laboratory,
          hangedman_abyss_or_decor_stabs, uniq_pikel
D:9:      layout_roguey, mainiacjoe_overflow_small_starburst, special_room
          [special_room_bee], uniq_erica
Temple:   nicolae_temple_bog_church

Skill      XL: |  1  2  3  4  5  6  7  8  9 10 |
---------------+-------------------------------+-----
Shields        | 3 4 5 6 |  6.9
Unarmed Combat | 3 4 5 6 8 9 |  9.9
Fighting       | 3 4 5 6 |  6.2
Fire Magic     | 2 3 |  3.1
Spellcasting   | 2 |  2.6
Dodging        | 3 |  3.6

Action                   |  1- 3 |  4- 6 |  7- 9 | 10-12 || total
-------------------------+-------+-------+-------+-------++-------
Melee: Unarmed           |    72 |   184 |   281 |    98 ||   635
Throw: Dart              |     2 |       |     8 |       ||    10
 Cast: Foxfire           |       |       |     3 |     1 ||     4
Invok: Lunge             |       |    18 |    12 |     3 ||    33
       Whirlwind         |       |       |    10 |     1 ||    11
       Serpent's Lash    |       |       |     1 |     2 ||     3
 Abil: Wall Jump         |       |       |    14 |     6 ||    20
Evoke: Wand              |       |       |     7 |    10 ||    17
       Condenser vane    |       |       |       |     1 ||     1
  Use: Scroll            |     3 |     6 |     9 |     1 ||    19
       Potion            |     1 |     1 |     5 |     3 ||    10
 Stab: Sleeping          |       |     1 |     1 |       ||     2
       Paralysed         |       |       |       |     8 ||     8
Armor: Robe              |    18 |    49 |    80 |    14 ||   161
Dodge: Dodged            |    34 |    43 |    94 |    42 ||   213
Block: Kite shield       |    30 |    53 |   123 |    44 ||   250
